 Dungeon Crawl Stone Soup version 0.30.1-4-g462c640d31 (webtiles) character file.

Game seed: 2443121256445862436

1045 MrPagan1517 the Chopper (level 8, -8/68 HPs)
             Began as a Hill Orc Fighter on Sept 19, 2023.
             Killed from afar by a steam dragon (18 damage)
             ... with a ball of steam
             ... on level 5 of the Dungeon.
             The game lasted 00:08:04 (3584 turns).

MrPagan1517 the Chopper (Hill Orc Fighter)          Turns: 3584, Time: 00:08:05

Health: -8/68      AC:  9    Str: 21    XL:     8   Next: 25%
Magic:  8/8        EV:  7    Int:  8    God:
Gold:   294        SH:  8    Dex: 10    Spells: 7/7 levels left

rFire   . . .        a - +1 war axe
rCold   . . .        s - +0 kite shield
rNeg    . . .        r - +0 chain mail
rPois   .            (no helmet)
rElec   .            (no cloak)
rCorr   .            (no gloves)
SInv    .            (no boots)
Will    .....        l - amulet of magic regeneration Stlth
                     (no ring)
HPRegen 0.31/turn    (no ring)
MPRegen 0.51/turn

%: no passive effects
@: no status effects
A: no striking features
a: no special abilities


You were on level 5 of the Dungeon.
You visited 1 branch of the dungeon, and saw 5 of its levels.

You collected 294 gold pieces.

Inventory:

Hand Weapons
 a - a +1 war axe (weapon)
 i - the +10 sling of Domination {elec, Int+6 Dex+5}
   (You found it on level 3 of the Dungeon)

   Int:       It affects your intelligence (+6).
   Dex:       It affects your dexterity (+5).
Missiles
 n - 19 stones (quivered)
Armour
 b - a +1 scale mail
 r - a +0 chain mail (worn)
 s - a +0 kite shield (worn)
Jewellery
 l - an amulet of magic regeneration (around neck)
Wands
 f - a wand of mindburst (15)
Scrolls
 c - 2 scrolls of noise {unknown}
 g - 6 scrolls of identify
 j - a scroll of immolation
 k - a scroll of teleportation
 t - a scroll of enchant armour
Potions
 d - 2 potions of might
 e - 2 potions of heal wounds
 h - 2 potions of brilliance
 m - 2 potions of curing {unknown}
 o - a potion of lignification {unknown}
 p - a potion of degeneration {unknown}
 q - a potion of flight {unknown}


   Skills:
 + Level 5.0 Fighting
 + Level 7.5 Axes
 * Level 5.0 Ranged Weapons
 + Level 4.8 Armour
 + Level 4.2 Shields


You had 7 spell levels left.
You didn't know any spells.
Your spell library contained the following spells:

 Spells                   Type           Power      Damage    Failure   Level
 Beastly Appendage        Tmut           0%         N/A       100%        1
 Necrotise                Necr           0%         1d4       100%        1
 Wereblood                Tmut           0%         N/A       100%        2
 Ozocubu's Armour         Ice            0%         N/A       100%        3
 Spider Form              Tmut/Pois      0%         N/A       100%        3
 Vampiric Draining        Necr           0%         2d6       100%        3
 Agony                    Necr           0%         N/A       100%        5
 Metabolic Englaciation   Hex/Ice        0%         N/A       100%        5
 Simulacrum               Ice/Necr       0%         N/A       100%        6


Dungeon Overview and Level Annotations

Branches:
Dungeon (5/15)
 Temple: D:4-7

Altars:
Dithmenos
Gozag
Kikubaaqudgha
Makhleb
Ru
Trog
Xom
Zin


Message History

You barely miss the iguana.
The iguana is severely wounded.
You are engulfed in a cloud of scalding steam.
The iguana is engulfed in a cloud of scalding steam.
The iguana dies!
Your Ranged Weapons skill increases to level 5!
You hit the orc but do no damage.
You are engulfed in a cloud of scalding steam.
The orc is engulfed in a cloud of scalding steam.
The orc dies!
You hit the steam dragon.
The steam dragon is moderately wounded.
The steam dragon bites you. The steam dragon barely misses you.
The steam dragon bites you but does no damage.
The steam dragon claws you but does no damage.
You barely miss the steam dragon.
The steam dragon is moderately wounded.
You hit the jelly.
Your hands burn!
You block the jelly's attack.
The white imp shouts, "Back with thee, thou worthless weevil-witted snake-molt!"
The steam dragon bites you but does no damage.
The steam dragon claws you but does no damage.
You are too injured to fight recklessly!
You are too injured to fight recklessly!
You are too injured to fight recklessly!
You are too injured to fight recklessly!
You hit the steam dragon but do no damage.
The steam dragon is moderately wounded.
You hit the jelly.
Your hands burn!
The jelly hits you but does no damage. The steam dragon barely misses you.
The steam dragon claws you.
You hit the steam dragon but do no damage.
The steam dragon is moderately wounded.
You hit the jelly.
Your hands burn!
The steam dragon bites you.
The steam dragon claws you but does no damage.
The jelly hits you but does no damage. The jelly hits you.
* * * LOW HITPOINT WARNING * * *
You are splashed with acid!
* * * LOW HITPOINT WARNING * * *
The steam dragon breathes steam at you. The ball of steam hits you!!
You die...

.# ##.....## .#
##.#####.## .#####
#.## ##.##
.....####.# #..###
.###......#. #....#
######## .#
#..###.#.= #....#
#....##. .# #.## ###
?o
##....#####....##.
.# #.#
#5#)#...............
.# #.#
#WD@....#####.....#.
.# #.. ##J)#...#
#.....## .# ##.
#.##...# ###...# #
#. ##### #...# #.
#######...# ..
#.........# .#
#.........# ##
#.......###
#.......####


You could see a steam dragon (catching breath), a phantom, a jelly, a white imp
and an orc.

Vanquished Creatures
  Eustachio (D:5)
  A water moccasin (D:5)
  A centaur (D:5)
  A phantom (D:5)
  3 scorpions
  A howler monkey (D:5)
  2 hounds (D:5)
  3 jellies
  3 iguanas (D:5)
  An orc wizard (D:4)
  4 adders
  2 shadow imps (D:5)
  An ufetubus (D:3)
  3 worms
  A dart slug (D:4)
  15 orcs
  5 ball pythons
  7 bats
  4 endoplasms
  4 giant cockroaches
  5 hobgoblins
  2 jackals (D:1)
  11 kobolds
  3 quokkas
  4 frilled lizards
  7 goblins
  4 rats (D:1)
99 creatures vanquished.

Vanquished Creatures (collateral kills)
  3 ball pythons (D:3)
  A goblin (D:3)
4 creatures vanquished.

Vanquished Creatures (others)
  An iguana (D:5)
  An adder (D:5)
  An orc (D:5)
3 creatures vanquished.

Grand Total: 106 creatures vanquished

Notes
Turn   | Place    | Note
-------+----------+-------------------------------------------
     0 | D:1      | MrPagan1517 the Hill Orc Fighter began the quest for the
                  | Orb.
     0 | D:1      | Reached XP level 1. HP: 19/19 MP: 1/1
    98 | D:1      | Reached skill level 3 in Axes
    98 | D:1      | Reached XP level 2. HP: 24/27 MP: 2/2
   362 | D:1      | Reached XP level 3. HP: 33/33 MP: 3/3
   427 | D:1      | Found a faded altar of an unknown god.
   729 | D:2      | Reached skill level 4 in Axes
  1092 | D:2      | Found a glowing silver altar of Zin.
  1189 | D:3      | Reached XP level 4. HP: 40/40 MP: 4/4
  1317 | D:3      | Identified the +10 sling of Domination {elec, Int+6 Dex+5}
  1459 | D:3      | Found a sacrificial altar of Ru.
  1461 | D:3      | Reached skill level 5 in Axes
  1598 | D:3      | Found a shimmering altar of Xom.
  1600 | D:3      | Found a shimmering altar of Xom.
  1600 | D:3      | Found a shimmering altar of Xom.
  1601 | D:3      | Found a shimmering altar of Xom.
  1602 | D:3      | Found a shimmering altar of Xom.
  1607 | D:3      | Found a shimmering altar of Xom.
  2118 | D:4      | Identified the +4 shortbow "Giant's Death Toll" {freeze,
                  | *Slow rF+++ Dex+4}
  2394 | D:4      | Noticed a scorpion
  2404 | D:4      | Killed a scorpion
  2405 | D:4      | Reached skill level 6 in Axes
  2405 | D:4      | Reached XP level 5. HP: 45/46 MP: 5/5
  2534 | D:4      | Reached XP level 6. HP: 39/52 MP: 6/6
  2583 | D:4      | Found a shadowy altar of Dithmenos.
  2610 | D:4      | Found a burning altar of Makhleb.
  2610 | D:4      | Found an opulent altar of Gozag.
  2754 | D:5      | Entered Level 5 of the Dungeon
  2851 | D:5      | Found an ancient bone altar of Kikubaaqudgha.
  2873 | D:5      | Reached skill level 7 in Axes
  3054 | D:5      | Reached skill level 1 in Ranged Weapons
  3071 | D:5      | Reached XP level 7. HP: 45/60 MP: 7/7
  3125 | D:5      | Found a bloodstained altar of Trog.
  3247 | D:5      | Noticed Eustachio
  3265 | D:5      | Killed Eustachio
  3272 | D:5      | Reached XP level 8. HP: 30/67 MP: 8/8
  3534 | D:5      | Reached skill level 5 in Fighting
  3580 | D:5      | Reached skill level 5 in Ranged Weapons
  3584 | D:5      | Killed from afar by a steam dragon

Illustrated notes

Levels and vault maps discovered:
D:1:      amcnicky_arrival_feature_with_door, layout_loops_ring,
          ebering_ecumenical_altar_abandoned
D:2:      layout_rooms, basic_altar, amcnicky_mini_rare_corridor_liquid
D:3:      layout_rooms, nicolae_ru_great_annihilating_truth, xom_redecorated
D:4:      layout_loops_ring, chequers_temple_overflow_statue_of_worship,
          hangedman_decor_peaks_small, kennysheep_generic_room_12
D:5:      layout_basic, bloody_trog, overflow_temple_1_default,
          minmay_joined_circles, uniq_eustachio

Skill      XL: |  1  2  3  4  5  6  7  8 |
---------------+-------------------------+-----
Axes           | 3 4 6 7 |  7.5
Fighting       | 4 5 |  5.0
Armour         | 4 |  4.8
Ranged Weapons | 1 4 5 |  5.0
Shields        | 4 |  4.2

Action                     |  1- 3 |  4- 6 |  7- 9 || total
---------------------------+-------+-------+-------++-------
  Melee: War axe           |    84 |    90 |    24 ||   198
   Fire: Sling             |       |    20 |    39 ||    59
  Throw: Stone             |       |     1 |       ||     1
    Use: Scroll            |     8 |     2 |       ||    10
   Stab: Invisible         |       |     1 |       ||     1
         Paralysed         |       |     1 |       ||     1
 Armour: Scale mail        |    38 |    36 |       ||    74
         Chain mail        |       |     1 |    30 ||    31
  Dodge: Dodged            |    40 |    48 |    29 ||   117
  Block: Buckler           |    16 |    10 |       ||    26
         Kite shield       |       |    26 |    34 ||    60
